 Dungeon Crawl Stone Soup version 0.17.1-3-g152610e (webtiles) character file.

198 Jerry the Shield-Bearer (level 5, 45/46 HPs)
             Began as a Draconian Fighter on Mar 31, 2016.
             Quit the game in the Ecumenical Temple.
             The game lasted 00:11:22 (3479 turns).

Jerry the Shield-Bearer (Draconian Fighter)         Turns: 3479, Time: 00:11:23

Health: 45/46      AC:  6    Str: 18    XL:     5   Next: 47%
Magic:  5/5        EV: 11    Int:  8    God:
Gold:   197        SH:  9    Dex: 12    Spells: 0 memorised, 4 levels left

rFire  . . .     SeeInvis .     s - +3 war axe
rCold  . . .     Clarity  .     (armour unavailable)
rNeg   . . .     SustAt   .     b - +0 shield
rPois  .         Gourm    .     (helmet restricted)
rElec  .         Spirit   .     (no cloak)
rCorr  .         Warding  .     j - +0 pair of gloves
rMut   .         Stasis   .     (no boots)
MR     .....                    (no amulet)
Stlth  ++........               (no ring)
                                n - ring of stealth

@: aura of abjuration, not resistant to hostile enchantments, unstealthy
A: unfitting armour, cold-blooded, AC +5
a: no special abilities


You were in the Ecumenical Temple.
You were not hungry.

You visited 2 branches of the dungeon, and saw 5 of its levels.

You collected 197 gold pieces.

Inventory:

Hand Weapons
 a - a +0 long sword
 o - a +0 whip of freezing
 s - a +3 war axe (weapon)
Armour
 b - a +0 shield (worn)
 j - a +0 pair of gloves (worn)
Jewellery
 n - a ring of stealth (left hand)
Scrolls
 l - a scroll of teleportation
Potions
 c - a potion of might
 e - 3 potions of haste
 f - 2 potions of heal wounds
 h - 2 potions of agility
 i - 2 potions of curing
 k - a potion of invisibility {unknown}
 m - a potion of poison {unknown}
 u - a potion of mutation {unknown}
Comestibles
 d - 2 bread rations
 g - a meat ration


   Skills:
 - Level 4.0 Fighting
 + Level 3.4 Long Blades
 + Level 3.7 Dodging
 + Level 4.2 Shields


You had 4 spell levels left.
You didn't know any spells.

Dungeon Overview and Level Annotations

Branches:
Dungeon (4/15)             Temple (1/1) D:4

Altars:
Cheibriados
Dithmenos
Elyvilon
Gozag
Kikubaaqudgha
Nemelex Xobeh
Qazlal
Trog
Xom
Yredelemnul
Zin
The Shining One


Innate Abilities, Weirdness & Mutations

Your plain brown scales are hard (AC +5).
Your body does not fit into most forms of armour.
You are cold-blooded and may be slowed by cold attacks.


Message History

Your cyan ugly thing shocks the white ugly thing!
The white ugly thing dies!
The white ugly thing's corpse disappears in a puff of smoke!
Evoke which item? (* to show all) (? for menu, Esc to quit)
You draw a card...
It is the Rangers.
Evoke which item? (* to show all) (? for menu, Esc to quit)
You draw a card...
It is Xom.
This card doesn't seem to belong here.
Eat which item? (? for menu, Esc to quit)
Your cyan ugly thing disappears in a puff of smoke!
You continue eating. x2
Your yaktaur says, "It's nice to have friends."
You finish eating.
That bread ration really hit the spot!
Evoke which item? (* to show all) (? for menu, Esc to quit)
You draw a card...
It is the Elements.
Evoke which item? (* to show all) (? for menu, Esc to quit)
You draw a card...
It is the Crusade.
The deck of cards disappears without a trace.
You begin to abjure the creatures around you!
You aren't carrying any items that can be evoked.
Are you sure you want to abandon this character and quit the game? (Confirm with "yes".)

#########
##_.⌠._hl##
##.....ccc.##
##⌠...≈.≈@@._##
#....≈≈.≈≈D...#
#_..≈≈≈.≈≈≈..⌠#
#..≈≈≈...≈≈≈..#
#⌠.....<....._#
#..≈≈≈...≈≈≈..#
#_..≈≈≈.≈≈≈..⌠#
#....≈≈.≈≈....#
##⌠...≈.≈..._##


You could see 3 friendly yaktaurs, a friendly raiju, a friendly basilisk, a
friendly mottled dragon and the friendly Jerry's illusion.

Vanquished Creatures
  A giant frog skeleton (D:4)
  Natasha (thrice) (D:2 D:3)
  6 adders
  2 oozes (D:3)
  3 worms (D:2)
  5 giant geckos
  2 orcs (D:3)
  5 bats
  8 goblins
  2 hobgoblins (D:1)
  4 jackals (D:3)
  8 kobolds
  A giant cockroach (D:2)
  8 giant newts
  2 gnoll zombies (D:2)
  13 rats
  A fungus (D:1)
74 creatures vanquished.

Notes
Turn   | Place    | Note
--------------------------------------------------------------
     0 | D:1      | Jerry the Draconian Fighter began the quest for the Orb.
     0 | D:1      | Reached XP level 1. HP: 19/19 MP: 1/1
   183 | D:1      | Reached XP level 2. HP: 17/26 MP: 2/2
  1173 | D:2      | Noticed Natasha
  1189 | D:2      | Killed Natasha
  1189 | D:2      | Reached skill level 4 in Fighting
  1189 | D:2      | Reached XP level 3. HP: 20/33 MP: 3/3
  1375 | D:2      | Found a basalt altar of Yredelemnul.
  1451 | D:2      | Reached XP level 4. HP: 37/40 MP: 4/4
  1698 | D:2      | Found a faded altar to an unknown god.
  1964 | D:2      | Found an ancient bone altar of Kikubaaqudgha.
  2233 | D:3      | Noticed Natasha
  2253 | D:3      | Killed Natasha
  2585 | D:3      | Noticed Natasha
  2592 | D:3      | Killed Natasha
  2611 | D:3      | Found a sparkling altar of Nemelex Xobeh.
  2835 | D:3      | Reached XP level 5. HP: 44/46 MP: 5/5
  3154 | D:4      | Found a staircase to the Ecumenical Temple.
  3175 | Temple   | Entered the Ecumenical Temple
  3179 | Temple   | Noticed a brown ugly thing
  3465 | Temple   | Noticed a cyan ugly thing
  3479 | Temple   | Quit the game

Action                   |  1- 3 |  4- 6 || total
-------------------------+-------+-------++-------
Melee: Long sword        |   107 |   103 ||   210
       War axe           |       |    35 ||    35
Evoke: Deck              |       |    10 ||    10
  Use: Scroll            |       |     6 ||     6
 Stab: Distracted        |     1 |       ||     1
       Sleeping          |       |     1 ||     1
  Eat: Chunk             |     2 |     6 ||     8
       Bread ration      |       |     1 ||     1
       Pizza             |       |     1 ||     1
